 Dungeon Crawl Stone Soup version 0.31.0-11-ge490571c62 (webtiles) character file.

Game seed: 10928184775144197424

116 boopmooplesden the Shield-Bearer (level 4, -3/40 HPs)
             Began as a Minotaur Fighter on Jan 31, 2024.
             Slain by a gnoll sergeant
             ... wielding a +1 spear of venom
              (6 damage)
             ... on level 3 of the Dungeon.
             The game lasted 00:02:28 (1550 turns).

boopmooplesden the Shield-Bearer (Minotaur Fighter) Turns: 1550, Time: 00:02:29

Health: -3/40      AC: 14    Str: 22    XL:     4   Next: 69%
Magic:  3/3        EV:  9    Int:  5    God:
Gold:   172        SH:  5    Dex: 10    Spells: 3/3 levels left

rFire   . . .        a - +0 war axe (protect)
rCold   . . .        c - +1 buckler
rNeg    . . .        b - +0 scale mail
rPois   .            (helmet restricted)
rElec   .            (no cloak)
rCorr   .            (no gloves)
SInv    .            (no boots)
Will    .....        (no amulet) Stlth
                     (no ring)
HPRegen 0.26/turn    (no ring)
MPRegen 0.08/turn

%: no passive effects
@: brilliant, lethally poisoned (-3 -> -35), under a protective aura
A: horns 2, retaliatory headbutt
a: no special abilities


You were on level 3 of the Dungeon.
You visited 1 branch of the dungeon, and saw 3 of its levels.

You collected 172 gold pieces.

Inventory:

Hand Weapons
 a - a +0 war axe of protection (weapon)
Armour
 b - a +0 scale mail (worn)
 c - a +1 buckler (worn)
Jewellery
 g - an amulet of the acrobat
Potions
 d - 2 potions of might
 h - a potion of resistance {unknown}
 k - a potion of mutation
 l - a potion of ambrosia {unknown}
 m - a potion of curing {unknown}
 o - a potion of haste {unknown}
 q - a potion of enlightenment {unknown}


   Skills:
 + Level 4.0 Fighting
 + Level 4.1 Axes
 + Level 4.3 Armour
 + Level 0.3 Dodging
 + Level 0.1 Stealth
 + Level 4.7 Shields


You had 3 spell levels left.
You didn't know any spells.
Your spell library contained the following spells:

 Spells                   Type           Power      Damage    Failure   Level
 Olgreb's Toxic Radiance  Alch           0%         N/A       100%        4
 Ozocubu's Refrigeration  Ice            0%         4d7       100%        7
 Discord                  Hex            0%         N/A       100%        8


Dungeon Overview and Level Annotations

Branches:
Dungeon (3/15)

Altars:
Elyvilon


Innate Abilities, Weirdness & Mutations

You have a pair of horns on your head.
You reflexively headbutt those who attack you in melee.


Message History

You see here a +0 dagger.
A gnoll sergeant comes into view. It is wielding a +1 spear of venom.
The gnoll sergeant shouts!
You block the gnoll's attack.
You slash the gnoll!
Your weapon exudes an aura of protection.
The gnoll is heavily wounded.
You block the gnoll's attack.
The gnoll sergeant hits you from afar with a +1 spear of venom!
You are poisoned.
You slash the gnoll!
You kill the gnoll!
You feel very sick.
The gnoll sergeant hits you but does no damage.
You are more poisoned.
You feel very sick.
The gnoll sergeant hits you but does no damage.
You are more poisoned.
You see here a +0 flail.
You feel very sick. The gnoll sergeant closely misses you.
A gnoll comes into view. It is wielding a +0 club.
You feel very sick.
The gnoll sergeant hits you but does no damage.
You are lethally poisoned!
You slash the gnoll sergeant!
The gnoll sergeant is moderately wounded.
* * * LOW HITPOINT WARNING * * *
You feel extremely sick.
The gnoll sergeant hits you with a +1 spear of venom.
* * * LOW HITPOINT WARNING * * *
You are more poisoned.
The gnoll sergeant hits you but does no damage.
You are more poisoned.
It was a potion of brilliance.
You feel clever all of a sudden.
* * * LOW HITPOINT WARNING * * *
You feel extremely sick.
The gnoll sergeant hits you with a +1 spear of venom.
You die...

#########
#####.......#
..##.#####.# # #.#
#.##.# #.#
.......###.##.#####.#
........(@.).)...##.#
.≈≈≈...###g##.##.##.#
≈≈≈≈≈......##.##)##.#
≈≈g≈≈.####.##.#.#)#.#
≈≈.≈≈......##..###..#
≈≈.≈≈.#g#######.#.###
≈≈.≈≈.S.# ##.##
≈..g≈..## #.# ≈.8g≈g#
#.#


You could see a gnoll sergeant and a gnoll.

Vanquished Creatures
  3 gnolls (D:3)
  3 adders
  3 dart slugs
  8 bats
  A giant cockroach (D:1)
  7 goblins
  6 hobgoblins
  A quokka (D:1)
  9 ball pythons
  6 frilled lizards
  5 kobolds
  5 rats
57 creatures vanquished.

Notes
Turn   | Place    | Note
-------+----------+-------------------------------------------
     0 | D:1      | boopmooplesden the Minotaur Fighter began the quest for the
                  | Orb.
     0 | D:1      | Reached XP level 1. HP: 19/19 MP: 0/0
   137 | D:1      | Found a faded altar of an unknown god.
   216 | D:1      | Reached XP level 2. HP: 26/26 MP: 1/1
   757 | D:1      | Reached XP level 3. HP: 33/33 MP: 2/2
  1466 | D:3      | Reached XP level 4. HP: 40/40 MP: 3/3
  1506 | D:3      | Found a white marble altar of Elyvilon.
  1543 | D:3      | Noticed a gnoll sergeant
  1550 | D:3      | Slain by a gnoll sergeant

Illustrated notes

Levels and vault maps discovered:
D:1:      giann_horns, layout_basic, shapermc_ecumenical_altar_mp_urbaneastern
D:2:      layout_basic, minmay_misc_feat_pillars, minmay_pentomino_x4
D:3:      layout_loops_corners, mainiacjoe_overflow_catwalk, bloody_trog

Skill      XL: |  1  2  3  4 |
---------------+-------------+-----
Shields        | 4 |  4.7
Armour         | 4 |  4.3
Axes           | 3 4 |  4.1
Fighting       | 4 |  4.0
Dodging        | |  0.3
Stealth        | |  0.1

Action                     |  1- 3 |  4- 6 || total
---------------------------+-------+-------++-------
  Melee: War axe           |    91 |    14 ||   105
         Headbutt          |    14 |       ||    14
    Use: Scroll            |     5 |       ||     5
         Potion            |       |     1 ||     1
 Armour: Scale mail        |    70 |    11 ||    81
  Dodge: Dodged            |    54 |     8 ||    62
  Block: Buckler           |    32 |     5 ||    37
